 Dungeon Crawl Stone Soup version 0.26-a0-146-g24f6d3962c (webtiles) character file.

Game seed: 14802067649638138510

398897 tilp the Executioner (level 23, -8/215 HPs)
             Began as a Hill Orc Monk on June 29, 2020.
             Was an Elder of Beogh.
             Shot with a bolt by a yaktaur captain (29 damage)
             ... on level 5 of the Vaults.
             The game lasted 02:05:33 (64689 turns).

tilp the Executioner (Hill Orc Monk)               Turns: 64689, Time: 02:05:33

Health: -8/215     AC: 39    Str: 24    XL:     23   Next: 26%
Magic:  0/38       EV: 12    Int: 10    God:    Beogh [****..]
Gold:   6058       SH:  0    Dex: 16    Spells: 22/22 levels left

rFire    + + .     SeeInvis .   a - +9 executioner's axe (flame)
rCold    + . .     Faith    .   (shield currently unavailable)
rNeg     . . .     Spirit   +   b - +4 crystal plate armour
rPois    .         Reflect  .   G - +2 helmet
rElec    +         Harm     .   r - +2 cloak
rCorr    +                      u - +2 pair of gloves {Dex+3}
MR       ++...                  Y - +2 pair of boots
Stlth    ..........             N - amulet of guardian spirit
HPRegen  0.45/turn              S - ring of Ycieph {*Drain rElec rF++ rC+ rCorr}
MPRegen  0.26/turn              M - ring of protection from magic

@: about to teleport
A: no striking features
}: 2/15 runes: serpentine, barnacled
a: Smiting, Recall Orcish Followers, Renounce Religion


You were on level 5 of the Vaults.
You worshipped Beogh.
Beogh was greatly pleased with you.
You were near starving.

You visited 7 branches of the dungeon, and saw 41 of its levels.
You visited 2 bazaars.
You also visited: Bailey and Volcano.

You collected 8688 gold pieces.
You spent 2630 gold pieces at shops.

Inventory:

Hand Weapons
 a - a +9 executioner's axe of flaming (weapon)
Missiles
 f - 9 throwing nets {!f}
 y - 32 javelins (quivered)
 K - 22 silver javelins
Armour
 b - a +4 crystal plate armour (worn)
 r - a +2 cloak (worn)
 u - a +2 pair of gloves of dexterity (worn)
 G - a +2 helmet (worn)
 Y - a +2 pair of boots (worn)
Jewellery
 h - an uncursed ring of poison resistance
 i - a +4 ring of protection
 k - an uncursed ring of positive energy
 q - the ring "Pocvifubb" {+Fly rN+ Int-5 Slay+2 Stlth-}
   (You took it off a vampire mage on level 1 of the Depths)

   [ring of attention]

   It affects your intelligence (-5).
   It affects your accuracy and damage with ranged weapons and melee attacks
   (+2).
   It protects you from negative energy.
   It lets you fly.
   It makes you less stealthy.
 M - a ring of protection from magic (right hand)
 N - an amulet of guardian spirit (around neck)
 Q - the amulet of Nef Jotita {Reflect Int+4 Dex+2 SH+5}
   (You bought it in a shop on level 2 of the Depths)

   [amulet of reflection]

   It shields you and reflects attacks.
   It affects your intelligence (+4).
   It affects your dexterity (+2).
   It affects your SH (+5).
 S - the ring of Ycieph (left hand) {*Drain rElec rF++ rC+ rCorr}
   (You found it on level 14 of the Dungeon)

   [ring of resist corrosion]

   It greatly protects you from fire.
   It protects you from cold.
   It insulates you from electricity.
   It provides partial protection from all sources of acid and corrosion.
   It causes draining when unequipped.
Wands
 g - a wand of acid (4)
 s - a wand of polymorph (7)
 z - a wand of iceblast (46)
 L - a wand of disintegration (15)
 O - a wand of paralysis (26)
 R - a wand of digging (5)
 U - a wand of clouds (7)
 Z - a wand of enslavement (9)
Scrolls
 d - 22 scrolls of remove curse
 j - 10 scrolls of teleportation
 l - 14 scrolls of identify
 o - a scroll of silence
 I - 3 scrolls of fear
 T - 5 scrolls of fog
 W - 5 scrolls of holy word
Potions
 e - 4 potions of resistance
 v - 7 potions of haste
 w - 5 potions of mutation
 B - 4 potions of might
 C - 3 potions of berserk rage
 E - 6 potions of curing
 F - a potion of magic
 J - 2 potions of cancellation
 P - 4 potions of flight
Miscellaneous
 m - a tin of tremorstones (3/3)
 n - a lightning rod (4/4)
 D - a phial of floods
 H - a tin of tremorstones (3/3)
 X - a box of beasts
Comestibles
 c - 51 rations


   Skills:
 + Level 19.9 Fighting
 - Level 26.0 Axes
 - Level 12.0 Armour
 + Level 13.7 Dodging
 - Level 1.5 Stealth
 * Level 23.6 Invocations
 - Level 12.0 Evocations


You had 22 spell levels left.
You didn't know any spells.
Your spell library contained the following spells:

 Spells                   Type           Power        Failure   Level  Hunger
 Animate Skeleton         Necr           N/A          100%        1    ##.....
 Apportation              Tloc           #.....       100%        1    ##.....
 Beastly Appendage        Tmut           #.....       100%        1    ##.....
 Corona                   Hex            #......      100%        1    ##.....
 Infusion                 Chrm           #...         100%        1    ##.....
 Magic Dart               Conj           #...         100%        1    ##.....
 Pain                     Necr           #...         100%        1    ##.....
 Sting                    Tmut/Pois      #...         100%        1    ##.....
 Summon Butterflies       Summ           #.......     100%        1    ##.....
 Summon Small Mammal      Summ           #...         100%        1    ##.....
 Blink                    Tloc           N/A          100%        2    ###....
 Call Imp                 Summ           #.......     100%        2    ###....
 Ensorcelled Hibernation  Hex/Ice        #.....       100%        2    ###....
 Poisonous Vapours        Pois/Air       #.....       100%        2    ###....
 Shroud of Golubria       Chrm/Tloc      #.....       100%        2    ###....
 Slow                     Hex            #.......     100%        2    ###....
 Song of Slaying          Chrm           #.......     100%        2    ###....
 Sticks to Snakes         Tmut           #.......     100%        2    ###....
 Call Canine Familiar     Summ           #.......     100%        3    ####...
 Confusing Touch          Hex            #.......     100%        3    ####...
 Conjure Flame            Conj/Fire      #.......     100%        3    ####...
 Dazzling Flash           Conj/Hex       #.....       100%        3    ####...
 Gell's Gravitas          Tloc           #.........   100%        3    ####...
 Ignite Poison            Fire/Tmut/Pois #.......     100%        3    ####...
 Lesser Beckoning         Tloc           #.........   100%        3    ####...
 Mephitic Cloud           Conj/Pois/Air  #.......     100%        3    ####...
 Ozocubu's Armour         Chrm/Ice       #.......     100%        3    ####...
 Portal Projectile        Hex/Tloc       #.....       100%        3    ####...
 Spectral Weapon          Hex/Chrm       #.......     100%        3    ####...
 Spider Form              Tmut/Pois      #.........   100%        3    ####...
 Summon Guardian Golem    Hex/Summ       #.......     100%        3    ####...
 Tukima's Dance           Hex            #.......     100%        3    ####...
 Vampiric Draining        Necr           #.........   100%        3    ####...
 Animate Dead             Necr           N/A          100%        4    #####..
 Ice Form                 Ice/Tmut       #.......     100%        4    #####..
 Olgreb's Toxic Radiance  Pois           #.......     100%        4    #####..
 Passage of Golubria      Tloc           N/A          100%        4    #####..
 Summon Ice Beast         Ice/Summ       #.......     100%        4    #####..
 Summon Lightning Spire   Summ/Air       #.......     100%        4    #####..
 Agony                    Necr           #.......     100%        5    ######.
 Alistair's Intoxication  Tmut/Pois      #.......     100%        5    ######.
 Aura of Abjuration       Summ           #.........   100%        5    ######.
 Blade Hands              Tmut           #.........   100%        5    ######.
 Bolt of Magma            Conj/Fire/Erth #.........   100%        5    ######.
 Borgnjor's Vile Clutch   Necr/Erth      #.........   100%        5    ######.
 Fireball                 Conj/Fire      #.........   100%        5    ######.
 Iskenderun's Battlesphe  Conj/Chrm      #.......     100%        5    ######.
 Lightning Bolt           Conj/Air       #.........   100%        5    ######.
 Silence                  Hex/Air        #.........   100%        5    ######.
 Summon Mana Viper        Hex/Summ       #.......     100%        5    ######.
 Dispersal                Tloc           #.........   100%        6    #######
 Invisibility             Hex            #.......     100%        6    #######
 Iron Shot                Conj/Erth      #.........   100%        6    #######
 Starburst                Conj/Fire      #.........   100%        6    #######
 Orb of Destruction       Conj           #.........   100%        7    #######
 Ring of Flames           Chrm/Fire      #.........   100%        7    #######
 Spellforged Servitor     Conj/Summ      #.........   100%        7    #######
 Summon Hydra             Summ           #.........   100%        7    #######
 Controlled Blink         Tloc           N/A          100%        8    #######
 Disjunction              Tloc           #.........   100%        8    #######
 Ignition                 Fire           #.........   100%        8    #######


Dungeon Overview and Level Annotations

Branches:
Dungeon (15/15)            Temple (0/1) D:5            Lair (6/6) D:9
 Shoals (4/4) Lair:3        Snake (4/4) Lair:3        Slime (0/5) Lair:6
    Orc (2/2) D:9             Elf (0/3) Orc:2        Vaults (5/5) D:14
  Crypt (0/3) Vaults:3     Depths (5/5) D:15            Zot (0/5) Depths:5
 Bailey (visited)         Volcano (visited)

Altars:
Dithmenos
Elyvilon
Fedhas
Hepliaklqana
Kikubaaqudgha
Okawaru
Ru
Xom
Yredelemnul
Zin
Beogh
Lugonu

Shops:
D:5 *%%   D:8 %   D:10 *   D:12 (   Orc:2 *=(%   Vaults:1 }   Vaults:3 %
Depths:2 =}=   Depths:4 }

Portals:
Hell: Depths:1 Depths:2 Depths:3 Depths:4 Depths:5
Abyss: Depths:2 Depths:4
Pandemonium: Depths:3
Ziggurat: Depths:5

Annotations:
D:2 1 runed translucent door, Crazy Yiuf
Vaults:5 Saint Roka
Depths:2 5 runed translucent doors


Message History

The tengu reaver hits you but does no damage.
Unknown command.
You feel better.
The vault guard hits you but does no damage.
The tengu reaver barely misses you.
The vault guard hits you with a +0 great sword.
* * * LOW HITPOINT WARNING * * *
Unknown command.
You slice the vault guard!! You burn the vault guard!
You kill the vault guard!
Beogh accepts your kill.
You slash the vault guard! You burn the vault guard.
Unknown command.
As you read the scroll of teleportation, it crumbles to dust.
You feel strangely unstable.
The tengu reaver hits you but does no damage.
The vault guard closely misses you.
Unknown command.
You feel better.
The yaktaur captain shoots a bolt.
The bolt hits you!!
You die...

####### #.. ##@#...#
#.. ##p#)....# #..Q
##Q#.......# #...
##D#p...cD... #..
#...# ##D#(.....C...
#..
#...X##.#........... .
#..
..#....#.#..........O.
#C##.p
.......p#.............
#....
....#################
####....


You could see 3 shadow dragons, a titan, a tengu reaver, a yaktaur captain, 2
vault guards and a two-headed ogre.

Vanquished Creatures
  Mennas (Vaults:2)
  Mara (Snake:4)
  Bai Suzhen (Shoals:3)
  Saint Roka (Depths:5)
  2 caustic shrikes (Depths:4)
  A golden dragon (Depths:5)
  4 tentacled monstrosities
  Jorgrun (D:15)
  7 sphinxes
  Gastronok (D:10)
  2 krakens
  Kirke (D:14)
  2 tengu reavers
  A shadow dragon (Depths:3)
  A storm dragon (Depths:5)
  5 fire giants
  4 nagarajas
  6 frost giants
  An iron dragon (Depths:4)
  5 vault wardens
  Louise (Shoals:1)
  A draconian annihilator (Depths:5)
  3 draconian stormcallers (Depths:5)
  2 spriggan defenders (Depths:4)
  6 very ugly things
  7 ironheart preservers
  10 stone giants
  An entropy weaver (Vaults:2)
  A vampire knight (Depths:4)
  A deep elf demonologist (Vaults:4)
  A black draconian (Depths:5)
  A purple draconian (Depths:5)
  6 fire dragons
  7 ettins
  3 merfolk javelineers
  A deep elf death mage (Vaults:4)
  2 merfolk impalers
  2 jiangshi (Depths:3)
  5 yaktaur captains
  Josephine (D:15)
  7 ogre magi
  5 great orbs of eyes
  Erolcha (Orc:2)
  4 ice dragons
  8 naga warriors (Snake:4)
  10 vault guards
  A spriggan air mage (Depths:3)
  2 rakshasas
  6 hydras
  A death knight (Vaults:1)
  2 merfolk aquamancers
  25 two-headed ogres
  A merfolk avatar (Shoals:4)
  2 satyrs
  5 centaur warriors
  An alligator snapping turtle (Shoals:4)
  4 deep troll shamans
  A vampire mage (Depths:3)
  3 deep troll earth magi
  A spriggan berserker (Depths:2)
  4 shock serpents
  9 naga sharpshooters
  4 orc high priests (Orc:2)
  6 skeletal warriors
  A titan skeleton (Vaults:3)
  An iron troll (Depths:5)
  A salamander mystic (Snake:4)
  13 hell knights
  16 deep trolls
  11 sea snakes
  An unseen horror (D:10)
  6 wizards
  5 flayed ghosts
  A naga ritualist (Snake:4)
  A phantasmal warrior (Depths:4)
  3 glowing orange brains
  17 harpies
  3 deep elf archers
  Pikel (D:6)
  3 necromancers
  5 ironbrand convokers
  2 harpies (shapeshifter)
  4 orc knights
  2 salamanders
  2 mana vipers (Snake:3)
  4 deep elf magi
  2 wolf spiders (Vaults:4)
  2 tengu skeletons (Vaults:3)
  7 manticores
  6 slime creatures
  17 ugly things
  6 cyclopes
  A salamander (shapeshifter) (Vaults:3)
  5 fauns
  A cyclops (shapeshifter) (Vaults:3)
  3 guardian serpents (Snake:4)
  3 elephants (Lair:6)
  4 merfolk sirens
  7 human skeletons (Vaults:3)
  2 fire giant skeletons
  7 naga magi
  A water nymph (Shoals:2)
  14 black mambas
  3 molten gargoyles
  A rust devil (Depths:5)
  5 vault sentinels
  4 spiny frogs
  2 gargoyles
  A spiny frog (shapeshifter) (Depths:2)
  A rime drake (Lair:4)
  4 komodo dragons
  27 yaktaurs
  A rime drake (shapeshifter) (Vaults:1)
  A tormentor (Depths:3)
  3 freezing wraiths
  A hellwing (Depths:3)
  7 trolls
  9 merfolk
  5 tengu conjurers
  3 wind drakes
  A polar bear (D:10)
  A shadow dragon simulacrum (Depths:2)
  3 hornets
  A spriggan zombie (Depths:2)
  Prince Ribbit (D:6)
  A blink frog (Lair:6)
  4 snapping turtles
  2 dream sheep (Shoals:2)
  A raiju (shapeshifter) (Depths:1)
  A hippogriff (shapeshifter) (Depths:4)
  6 hippogriffs
  3 redbacks (Vaults:2)
  3 spriggans
  5 water elementals
  A tarantella (Vaults:2)
  4 wraiths
  A ynoxinul (Depths:3)
  A yak (shapeshifter) (Vaults:4)
  A spriggan (shapeshifter) (D:14)
  6 wyverns
  18 yaks
  A steam dragon (Lair:6)
  2 fire bats (Volcano)
  5 basilisks
  2 fire elementals (D:14)
  3 hogs (D:14)
  4 hungry ghosts
  11 humans (D:14)
  A vampire mosquito (D:14)
  A warg (Orc:1)
  33 nagas
  An elf zombie (Vaults:1)
  A soldier ant (shapeshifter) (Depths:2)
  5 hell hounds
  5 water moccasins
  10 porcupines
  Duvessa (D:4)
  A hornet zombie (D:5)
  5 ice beasts
  2 sky beasts
  A slave (D:6)
  8 orc warriors
  3 boggarts
  28 ogres
  5 wolves (Lair:3)
  An elf skeleton (Vaults:3)
  12 centaurs
  4 crocodiles
  A big kobold (D:7)
  13 bullfrogs
  A glowing shapeshifter simulacrum (Vaults:3)
  Dowan (D:4)
  5 scorpions
  6 killer bees
  3 howler monkeys
  8 wights (D:11)
  5 lava snakes
  A quasit (D:14)
  3 bullfrog zombies
  2 crimson imps
  2 jellies
  3 centaur skeletons
  10 orc priests
  3 hounds
  2 iron imps (Depths:3)
  5 orc wizards
  3 bullfrog skeletons
  Jessica (D:3)
  9 worker ants
  Ijyb (D:3)
  Terence (D:2)
  4 iguanas
  A hell rat (Lair:1)
  A hound skeleton (D:11)
  Robin (D:3)
  An adder (shapeshifter) (Depths:4)
  6 gnolls
  2 river rats (Lair:1)
  12 adders
  6 shadow imps
  An ufetubus (Depths:3)
  An ooze (D:3)
  An adder skeleton (D:5)
  A dart slug (D:2)
  2 leopard geckos
  32 orcs
  3 ball pythons (D:2)
  5 giant cockroaches
  12 goblins
  13 hobgoblins
  8 jackals
  6 kobolds
  2 quokkas
  7 bats
  7 frilled lizards
  A jackal skeleton (D:6)
  8 rats
  A fungus (Lair:4)
  4 plants
  2 tentacles (Shoals:4)
953 creatures vanquished.

Vanquished Creatures (collateral kills)
  A juggernaut (Depths:4)
  Sojobo (Depths:5)
  A caustic shrike (Depths:4)
  Nikola (Shoals:1)
  3 golden dragons (Vaults:5)
  A lich (Vaults:3)
  A tentacled monstrosity (Depths:3)
  2 titans
  A kraken (Shoals:4)
  A sphinx (Vaults:5)
  2 tengu reavers
  2 shadow dragons (Vaults:5)
  10 nagarajas (Snake:4)
  2 storm dragons (Depths:5)
  Roxanne (Shoals:1)
  A vault warden (Vaults:3)
  3 frost giants
  7 fire giants
  An iron dragon (Depths:5)
  An orc warlord (Vaults:3)
  Aizul (Snake:3)
  A draconian stormcaller (Depths:5)
  2 ironheart preservers
  A spriggan defender (Depths:2)
  A war gargoyle (Vaults:1)
  3 entropy weavers
  8 very ugly things
  13 stone giants
  A vampire knight (Depths:4)
  A yellow draconian (Depths:5)
  A white draconian (Depths:5)
  Azrael (D:14)
  Snorg (Orc:2)
  5 ettins
  8 ogre magi
  5 merfolk impalers
  2 fire dragons
  A crystal guardian (Vaults:4)
  3 great orbs of eyes
  7 yaktaur captains
  21 naga warriors (Snake:4)
  A rakshasa (Depths:1)
  4 ice dragons
  A hydra (D:11)
  A spriggan air mage (Depths:2)
  8 vault guards
  The ghost of slayr the Slinger, a journeyman HaHu of Trog (D:10)
  The ghost of Utwiqean the Gelid, a journeyman DEIE of Vehumet (Lair:1)
  The ghost of Utwiqean the Gelid, a journeyman DEIE of Vehumet (Lair:1)
  21 two-headed ogres
  2 anacondas (Snake:1)
  A death knight (Vaults:2)
  5 centaur warriors
  2 merfolk avatars (Shoals:4)
  The ghost of Ziuclaem the Covert, a journeyman OpAs of Fedhas (Lair:1)
  2 merfolk aquamancers (Shoals:4)
  2 deep troll shamans (Depths:4)
  A vampire mage (Depths:1)
  A tengu warrior (Depths:1)
  6 deep troll earth magi
  2 shock serpents (Snake:3)
  A spriggan berserker (Depths:4)
  2 deep elf knights
  3 death yaks (D:9)
  9 naga sharpshooters
  3 spriggans (D:10)
  2 skeletal warriors (D:13)
  4 salamander mystics
  3 sea snakes (Shoals:4)
  4 hell knights (Depths:4)
  An iron troll (Depths:5)
  12 deep trolls
  A deep elf archer (Vaults:3)
  2 unseen horrors (D:14)
  3 wizards
  A glowing orange brain (Vaults:1)
  5 naga ritualists
  A flayed ghost (Depths:3)
  A lindwurm (Lair:6)
  4 necromancers
  7 orc knights
  2 ironbrand convokers (Vaults:1)
  14 harpies
  A stone giant zombie (Vaults:1)
  15 ugly things
  2 phantasmal warriors
  An iron dragon zombie (Depths:2)
  An orb spider (shapeshifter) (D:14)
  A tengu skeleton (Vaults:3)
  A human zombie (Vaults:1)
  8 mana vipers
  6 salamanders
  3 deep elf magi
  An orc sorcerer (Orc:2)
  4 cyclopes
  6 fauns
  6 manticores
  2 wolf spiders
  2 elephants (Lair:6)
  6 naga magi
  8 vault sentinels
  28 black mambas
  A guardian serpent (Snake:4)
  4 merfolk sirens
  3 spiny frogs
  2 gargoyles
  A spiny frog (shapeshifter) (Vaults:4)
  2 centaur skeletons
  Maggie (D:6)
  2 hellwings (Depths:3)
  2 komodo dragons
  29 yaktaurs
  3 freezing wraiths
  A queen bee (shapeshifter) (D:15)
  A polar bear (Lair:6)
  A harpy zombie (D:15)
  23 merfolk
  A polar bear (shapeshifter) (Vaults:2)
  4 trolls
  A meliai (shapeshifter) (Depths:4)
  3 wind drakes
  5 hornets
  5 dream sheep (Shoals:2)
  A snapping turtle (Shoals:4)
  A raiju (shapeshifter) (Depths:4)
  2 stone giant simulacra
  8 blink frogs
  4 hippogriffs
  16 slime creatures
  2 redbacks
  9 water elementals
  4 wraiths
  A hog (shapeshifter) (Depths:4)
  A wyvern (Lair:6)
  2 hungry ghosts
  22 yaks
  A hog (D:14)
  2 vampire mosquitoes (D:14)
  9 humans (D:14)
  6 wargs
  42 nagas
  A soldier ant (shapeshifter) (Depths:4)
  4 hell hounds
  2 soldier ants
  A floating eye (Depths:5)
  8 water moccasins
  11 orc warriors
  3 porcupines
  9 ice beasts
  2 sky beasts
  2 slaves (D:6)
  A deep troll skeleton (Vaults:3)
  2 necrophages
  15 ogres
  2 phantoms
  4 boggarts
  14 centaurs
  7 crocodiles
  7 bullfrogs
  2 gnoll sergeants
  3 human skeletons (Vaults:3)
  13 killer bees
  An orc simulacrum (Vaults:1)
  3 wights (D:11)
  2 howler monkeys
  A jelly (D:13)
  An electric eel (Lair:6)
  5 crimson imps
  A lava snake (Lair:6)
  A bullfrog zombie (D:11)
  5 hounds
  2 quasits (Depths:3)
  5 orc priests
  3 iguanas
  14 orc wizards
  2 hell rats (Lair:1)
  4 worker ants
  A howler monkey zombie (D:6)
  A worker ant zombie (D:11)
  5 gnolls
  3 adders
  6 river rats
  4 shadow imps
  An adder skeleton (D:8)
  A worm (shapeshifter) (D:15)
  13 orcs
  A giant cockroach (D:6)
  2 quokkas (D:9)
  3 kobolds (D:7)
  A leopard gecko zombie (D:6)
  2 rats
  8 bushes
  5 fungi
  43 plants
  A tentacle (Shoals:4)
873 creatures vanquished.

Vanquished Creatures (others)
  Saint Roka (Vaults:5)
  10 orc warlords
  An orc high priest (Snake:4)
  A tengu warrior (Depths:4)
  A two-headed ogre (D:8)
  10 orc knights
  A deep troll (Depths:4)
  2 ugly things (Depths:1)
  18 orc warriors
  A centaur (Depths:3)
  A howler monkey (D:8)
  A wight (D:8)
  12 orc priests
  11 orc wizards
  An adder (D:8)
  64 orcs
  A jackal skeleton (D:8)
  31 plants
  15 tentacles
183 creatures vanquished.

Grand Total: 2009 creatures vanquished

Notes
Turn   | Place    | Note
-------+----------+-------------------------------------------
     0 | D:1      | tilp the Hill Orc Monk began the quest for the Orb.
     0 | D:1      | Reached XP level 1. HP: 19/19 MP: 1/1
   387 | D:1      | Reached XP level 2. HP: 21/26 MP: 2/2
  1153 | D:1      | Reached skill level 5 in Axes
  1270 | D:2      | Noticed a scorpion
  1363 | D:2      | Killed a scorpion
  1363 | D:2      | Reached skill level 6 in Axes
  1363 | D:2      | Reached XP level 3. HP: 30/31 MP: 3/3
  1363 | D:2      | Reached XP level 4. HP: 37/39 MP: 4/4
  1595 | D:2      | Noticed Terence
  1836 | D:2      | Reached skill level 7 in Axes
  1983 | D:2      | Reached XP level 5. HP: 45/45 MP: 5/5
  2155 | D:3      | Noticed Jessica
  2184 | D:3      | Killed Jessica
  2448 | D:3      | Became a worshipper of Beogh the Brigand
  2448 | D:3      | Reached * piety under Beogh
  2448 | D:3      | Reached ** piety under Beogh
  2583 | D:3      | Reached skill level 8 in Axes
  2662 | D:3      | Noticed Ijyb
  2705 | D:3      | Killed Ijyb
  2934 | D:3      | Noticed Robin
  3015 | D:3      | Killed Robin
  3015 | D:3      | Reached XP level 6. HP: 26/51 MP: 6/6
  3907 | D:2      | Found a runed translucent door.
  3908 | D:2      | Noticed Crazy Yiuf
  3958 | D:2      | Killed Terence
  3958 | D:2      | Reached skill level 9 in Axes
  4190 | D:4      | Noticed Duvessa
  4216 | D:4      | Killed Duvessa
  4217 | D:4      | Noticed Dowan
  4238 | D:4      | Killed Dowan
  4238 | D:4      | Reached skill level 10 in Axes
  4238 | D:4      | Reached XP level 7. HP: 32/57 MP: 7/7
  5067 | D:5      | Entered Level 5 of the Dungeon
  5067 | D:5      | Found Kiweh's Food Emporium.
  5179 | D:5      | Found Deyt Xune's General Store.
  5187 | D:5      | Bought a scroll of identify for 24 gold pieces
  5253 | D:5      | Reached skill level 11 in Axes
  5414 | D:5      | Found a staircase to the Ecumenical Temple.
  5753 | D:5      | Reached *** piety under Beogh
  5796 | D:5      | Reached skill level 12 in Axes
  5796 | D:5      | Reached XP level 8. HP: 53/64 MP: 8/8
  6217 | D:5      | Found an ancient bone altar of Kikubaaqudgha.
  6495 | D:5      | Found Kaigg's Food Boutique.
  6598 | D:6      | Noticed Maggie
  6612 | D:6      | Killed Maggie
  6612 | D:6      | Reached skill level 13 in Axes
  6671 | D:6      | Got a brightly glowing dagger
  6753 | D:6      | Found a white marble altar of Elyvilon.
  6756 | D:6      | Found a shadowy altar of Dithmenos.
  6759 | D:6      | Found an iron altar of Okawaru.
  6939 | D:6      | Noticed Prince Ribbit
  6950 | D:6      | Killed Prince Ribbit
  6950 | D:6      | Reached skill level 14 in Axes
  6960 | D:6      | Noticed Pikel
  6983 | D:6      | Killed Pikel
  6983 | D:6      | Reached skill level 1 in Armour
  6983 | D:6      | Reached skill level 1 in Evocations
  6983 | D:6      | Reached XP level 9. HP: 41/71 MP: 8/10
  8568 | D:7      | Reached skill level 5 in Fighting
  8927 | D:7      | Noticed a troll
  8943 | D:7      | Killed a troll
  9915 | D:8      | Reached XP level 10. HP: 80/83 MP: 13/13
  9930 | D:8      | Killed a two-headed ogre
  9952 | D:8      | Reached skill level 5 in Invocations
  9978 | D:8      | Found a sacrificial altar of Ru.
 10016 | D:8      | Reached **** piety under Beogh
 10199 | D:8      | Found Oraffe's Food Shop.
 10253 | D:8      | Gained Urtork as an ally
 10321 | D:8      | Found a shimmering altar of Xom.
 10383 | D:8      | Found a basalt altar of Yredelemnul.
 10565 | D:8      | Found a glowing silver altar of Zin.
 10773 | D:9      | Found a blossoming altar of Fedhas.
 10916 | D:9      | Noticed a death yak
 10916 | D:9      | Noticed a death yak
 10930 | D:9      | Killed a death yak
 10930 | D:9      | Reached skill level 5 in Armour
 10935 | D:9      | Killed a death yak
 10942 | D:9      | Killed a death yak
 11090 | D:9      | Found a staircase to the Lair.
 11122 | D:9      | Found a staircase to the Orcish Mines.
 11134 | D:9      | Your ally Urtork died
 11142 | D:9      | Reached ***** piety under Beogh
 11155 | D:9      | Gained Boderik as an ally
 11475 | D:9      | Found a hazy altar of Hepliaklqana.
 11982 | D:10     | Entered Level 10 of the Dungeon
 12026 | D:10     | Found a runed translucent door.
 12027 | D:10     | Noticed a spriggan rider
 12028 | D:10     | Identified the cursed +1 trident "Zoiket" {holy, +Fly Str+2
                  | Int+4}
 12028 | D:10     | Noticed slayr's ghost (journeyman HaHu)
 12177 | D:10     | Found Xybaly's Assorted Antiques.
 12185 | D:10     | Reached XP level 11. HP: 88/94 MP: 14/16
 12196 | D:10     | Killed an unseen horror
 12196 | D:10     | Reached skill level 15 in Axes
 12392 | D:10     | Bought a scroll of identify for 58 gold pieces
 12392 | D:10     | Bought a scroll of identify for 58 gold pieces
 12393 | D:10     | Identified the cursed +3 dagger of Fate {vorpal, Str+3}
                  | (You found it on level 6 of the Dungeon)
 12561 | D:10     | Noticed Gastronok
 12764 | D:10     | Reached skill level 16 in Axes
 12989 | D:10     | Killed Gastronok
 13370 | D:11     | You fall into a shaft and drop 2 floors!
 13371 | D:13     | Noticed a skeletal warrior
 13371 | D:13     | Noticed a skeletal warrior
 13371 | D:13     | Noticed a skeletal warrior
 13374 | D:13     | Identified a scroll of acquirement
 13428 | D:13     | Noticed a brown ugly thing
 13456 | D:13     | HP: 1/95 [white ugly thing (12)]
 13467 | D:13     | Killed a white ugly thing
 13656 | D:13     | Noticed a deep elf mage
 13683 | D:13     | Killed a deep elf mage
 13901 | D:11     | Noticed a deep elf mage
 13907 | D:11     | Killed a deep elf mage
 13907 | D:11     | Reached skill level 5 in Evocations
 14027 | D:11     | Noticed a cyclops
 14028 | D:11     | Noticed a green ugly thing
 14032 | D:11     | Killed a cyclops
 14038 | D:11     | Killed a green ugly thing
 14038 | D:11     | Reached XP level 12. HP: 96/103 MP: 1/18
 14109 | D:11     | Reached skill level 5 in Dodging
 14113 | D:11     | Found a hazy altar of Hepliaklqana.
 14455 | D:11     | Gained Warbeogh as an ally
 14588 | D:11     | Noticed a four-headed hydra
 14591 | D:11     | Killed a four-headed hydra
 15052 | D:12     | Found Riwual's Antique Weapon Shop.
 15747 | D:13     | Noticed a four-headed hydra
 15752 | D:13     | Killed a four-headed hydra
 15790 | D:13     | Reached skill level 10 in Invocations
 15837 | D:13     | Gained Bogward as an ally
 16199 | Lair:1   | Entered Level 1 of the Lair of Beasts
 16555 | Lair:1   | Noticed a seven-headed hydra
 16559 | Lair:1   | Killed a seven-headed hydra
 16559 | Lair:1   | Reached skill level 10 in Fighting
 16634 | Lair:1   | Found a runed translucent gate.
 16635 | Lair:1   | Found a runed translucent gate.
 16639 | Lair:1   | Found a runed translucent gate.
 16801 | Lair:1   | Noticed Utwiqean's ghost (journeyman DEIE)
 16801 | Lair:1   | Noticed Ziuclaem's ghost (journeyman OpAs)
 16801 | Lair:1   | Noticed Utwiqean's ghost (journeyman DEIE)
 17488 | Lair:2   | Your ally Bogward died
 17712 | Lair:2   | Reached XP level 13. HP: 113/113 MP: 13/20
 17770 | Lair:2   | You fall into a shaft and drop 1 floor!
 18525 | Lair:3   | Reached skill level 17 in Axes
 18620 | Lair:3   | Found a staircase to the Shoals.
 19003 | Lair:3   | Found a staircase to the Snake Pit.
 20529 | Lair:5   | Found a dark tunnel.
 20644 | Volcano  | Entered a volcano
 20775 | Volcano  | Found a radiant altar of Vehumet.
 20775 | Volcano  | Noticed an ogre mage
 20788 | Volcano  | Killed an ogre mage
 21833 | Lair:6   | Entered Level 6 of the Lair of Beasts
 21935 | Lair:6   | Your ally Warbeogh died
 22206 | Lair:6   | Found a staircase to the Slime Pits.
 22277 | Lair:6   | Reached XP level 14. HP: 124/124 MP: 22/22
 22584 | Lair:6   | Reached skill level 10 in Armour
 23038 | Lair:6   | Found a large runed translucent door.
 23039 | Lair:6   | Found a large runed translucent door.
 23726 | Orc:1    | Entered Level 1 of the Orcish Mines
 23748 | Orc:1    | Reached skill level 18 in Axes
 23997 | Orc:2    | Entered Level 2 of the Orcish Mines
 23997 | Orc:2    | Noticed Erolcha
 24000 | Orc:2    | Killed Erolcha
 24003 | Orc:2    | Noticed Snorg
 24015 | Orc:2    | Killed Snorg
 24494 | Orc:2    | Found a roughly hewn altar of Beogh.
 24511 | Orc:2    | Found a staircase to the Elven Halls.
 25390 | Orc:2    | Found Pidelon's Food Emporium.
 25390 | Orc:2    | Found Zamag's General Store.
 25390 | Orc:2    | Found Asozxus's Antique Weapon Emporium.
 25393 | Orc:2    | Found Naukabroev's Jewellery Shoppe.
 25398 | Orc:2    | Bought a scroll of enchant weapon for 112 gold pieces
 25398 | Orc:2    | Bought a scroll of identify for 30 gold pieces
 25530 | D:12     | Gained Ogrik as an ally
 26240 | D:13     | Reached skill level 19 in Axes
 26523 | D:14     | Got a crude lead ring
 26524 | D:14     | Identified the ring of Ycieph {*Drain rElec rF++ rC+ rCorr}
                  | (You found it on level 14 of the Dungeon)
 26631 | D:14     | Found a flagged portal.
 26868 | D:14     | Reached XP level 15. HP: 93/132 MP: 19/24
 27023 | D:14     | Noticed Kirke
 27041 | D:14     | Killed Kirke
 27073 | Bailey   | Entered a bailey
 27093 | Bailey   | HP: 4/132 [orc knight/cursed +0 bardiche (22)]
 27460 | Bailey   | Got a heavily runed ring mail
 27502 | Bailey   | Identified the +9 ring mail "Kiwke" {Dex+3} (You found it
                  | in a bailey)
 27608 | D:14     | Reached skill level 20 in Axes
 27641 | D:14     | Noticed Azrael
 27662 | D:14     | Killed Azrael
 27697 | D:14     | Gained Nordag as an ally
 28395 | D:14     | Found a gate to the Vaults.
 28804 | D:15     | Entered Level 15 of the Dungeon
 28817 | D:15     | Found a staircase to the Depths.
 28817 | D:15     | Noticed a fire giant
 28826 | D:15     | Killed a fire giant
 28898 | D:15     | Noticed Jorgrun
 28911 | D:15     | Killed Jorgrun
 28912 | D:15     | Noticed Josephine
 28915 | D:15     | Killed Josephine
 28918 | D:15     | Gained Blodwig as an ally
 28928 | D:15     | Reached skill level 15 in Invocations
 30116 | Orc:2    | Bought an uncursed amulet of reflection for 360 gold pieces
 30116 | Orc:2    | Bought an uncursed ring of poison resistance for 240 gold
                  | pieces
 30225 | Snake:1  | Entered Level 1 of the Snake Pit
 30235 | Snake:1  | Gained Orbeogh as an ally
 30746 | Snake:1  | Reached skill level 21 in Axes
 31881 | Snake:2  | Reached XP level 16. HP: 117/139 MP: 22/28
 31884 | Snake:2  | Gained Bladwarg as an ally
 31903 | Snake:2  | Your ally Bladwarg died
 32137 | Snake:2  | Noticed a nagaraja
 32145 | Snake:2  | Killed a nagaraja
 33357 | Snake:3  | Reached skill level 22 in Axes
 33364 | Snake:3  | Reached ****** piety under Beogh
 33486 | Snake:3  | Noticed Aizul
 33498 | Snake:3  | Killed Aizul
 34733 | Snake:4  | Entered Level 4 of the Snake Pit
 35891 | Snake:4  | Noticed a nagaraja
 35898 | Snake:4  | Noticed a nagaraja
 35900 | Snake:4  | Killed a nagaraja
 35902 | Snake:4  | Reached skill level 23 in Axes
 35907 | Snake:4  | Your ally Ogrik died
 36247 | Snake:4  | Noticed Mara
 36249 | Snake:4  | Noticed tilp's illusion
 36259 | Snake:4  | Killed Mara
 36778 | Snake:4  | Noticed a nagaraja
 36782 | Snake:4  | Killed a nagaraja
 37531 | Snake:4  | Killed a nagaraja
 37531 | Snake:4  | Reached skill level 24 in Axes
 37971 | Snake:4  | Reached XP level 17. HP: 113/146 MP: 21/29
 38714 | Snake:4  | Reached skill level 25 in Axes
 39395 | Snake:4  | Got a serpentine rune of Zot
 39675 | D:10     | Bought an ivory ring for 145 gold pieces
 39864 | D:10     | Killed slayr's ghost
 39977 | Lair:1   | Killed Ziuclaem's ghost
 39981 | Lair:1   | Killed Utwiqean's ghost
 39983 | Lair:1   | Killed Utwiqean's ghost
 39994 | Lair:1   | Identified the Catalogue of Supportive Displacement
 40184 | Shoals:1 | Entered Level 1 of the Shoals
 40445 | Shoals:1 | Noticed Roxanne
 40466 | Shoals:1 | Killed Roxanne
 40500 | Shoals:1 | Reached skill level 26 in Axes
 40686 | Shoals:1 | Noticed Louise
 40693 | Shoals:1 | Killed Louise
 40704 | Shoals:1 | Noticed Nikola
 40715 | Shoals:1 | Killed Nikola
 40811 | Shoals:1 | Noticed a kraken
 40820 | Shoals:1 | Killed a kraken
 41763 | Shoals:1 | Noticed a titan
 41781 | Shoals:1 | Killed a titan
 42267 | Shoals:2 | Reached XP level 18. HP: 136/155 MP: 30/30
 43894 | Shoals:3 | Noticed Bai Suzhen
 43908 | Shoals:3 | Your ally Nordag died
 43913 | Shoals:3 | Killed Bai Suzhen
 44739 | Shoals:4 | Entered Level 4 of the Shoals
 45132 | Shoals:4 | Got a barnacled rune of Zot
 46081 | Shoals:4 | Identified the ring of Udghuhed {*Tele MR+} (You found it
                  | on level 4 of the Shoals)
 47652 | Vaults:1 | Entered Level 1 of the Vaults
 47793 | Vaults:1 | Found Zoiciax's Gadget Shop.
 48473 | Vaults:1 | Reached XP level 19. HP: 150/163 MP: 29/32
 48938 | Vaults:1 | Reached skill level 10 in Evocations
 51651 | Vaults:2 | Gained Gorg as an ally
 51654 | Vaults:2 | Noticed Mennas
 51672 | Vaults:2 | Killed Mennas
 52069 | Vaults:2 | You fall into a shaft and drop 2 floors!
 52158 | Vaults:4 | Noticed an Ice Fiend
 52165 | Vaults:4 | Reached skill level 10 in Dodging
 52238 | Vaults:3 | Gained Herok as an ally
 52376 | Vaults:3 | Found Ulyzum's Food Shoppe.
 53029 | Vaults:3 | Noticed a lich
 53034 | Vaults:3 | Killed a lich
 53034 | Vaults:3 | Reached XP level 20. HP: 135/176 MP: 30/33
 53435 | Vaults:3 | Found a staircase to the Crypt.
 54676 | Vaults:4 | Reached skill level 15 in Fighting
 54816 | Vaults:4 | Paralysed by a sphinx for 4 turns
 55272 | Vaults:4 | Found a glowing silver altar of Zin.
 56677 | D:5      | Bought a scroll of enchant armour for 90 gold pieces
 56934 | Depths:1 | Entered Level 1 of the Depths
 57133 | Depths:1 | Identified the ring "Pocvifubb" {+Fly rN+ Int-5 Slay+2
                  | Stlth-}
 57338 | Depths:1 | Identified Further Progress in Witchcraft
 57635 | Depths:1 | Found a flickering gateway to a bazaar.
 57653 | Bazaar   | Entered a bazaar
 57685 | Bazaar   | Found Ugyofun's Jewellery Shop.
 57698 | Bazaar   | Found Hanoruf's Book Shop.
 57947 | Depths:1 | Found a gateway to Hell.
 57965 | Depths:1 | Reached XP level 21. HP: 187/189 MP: 35/35
 58435 | Depths:2 | Found a runed translucent door.
 58550 | Depths:2 | Gained Boruk as an ally
 58659 | Depths:2 | Found a runed translucent door.
 58663 | Depths:2 | Found a runed translucent door.
 58709 | Depths:2 | Found the amulet of the Air {Inacc +Fly rElec EV+5 RMsl}
 58760 | Depths:2 | Found a runed translucent door.
 58760 | Depths:2 | Found a runed translucent door.
 58796 | Depths:2 | Found a one-way gate to the infinite horrors of the Abyss.
 58994 | Depths:2 | Found Quwion's Jewellery Shoppe.
 58994 | Depths:2 | Found Comele's Gadget Boutique.
 58995 | Depths:2 | Found Tuenam's Jewellery Shoppe.
 59004 | Depths:2 | Bought the amulet of Nef Jotita {Reflect Int+4 Dex+2 SH+5}
                  | for 1091 gold pieces
 59812 | Depths:3 | Found a flickering gateway to a bazaar.
 59852 | Bazaar   | Entered a bazaar
 59852 | Bazaar   | Found Geam's Assorted Antiques.
 59852 | Bazaar   | Found Dumaq's General Store.
 60143 | Bazaar   | Found Leriec's Antique Weapon Emporium.
 60143 | Bazaar   | Found Noavyrhi's Jewellery Emporium.
 60146 | Bazaar   | Bought a scroll of identify for 24 gold pieces
 60150 | Bazaar   | Bought a scroll of fear for 73 gold pieces
 60150 | Bazaar   | Bought a scroll of identify for 42 gold pieces
 60150 | Bazaar   | Bought a scroll of enchant weapon for 157 gold pieces
 60150 | Bazaar   | Bought a potion of curing for 63 gold pieces
 60150 | Bazaar   | Bought a potion of curing for 63 gold pieces
 60174 | Depths:3 | You fall into a shaft and drop 2 floors!
 60174 | Depths:5 | Entered Level 5 of the Depths
 60181 | Depths:5 | Found a gateway to a ziggurat.
 60186 | Depths:5 | Your ally Boruk died
 60193 | Depths:5 | Paralysed by a floating eye for 3 turns
 60200 | Depths:5 | Gained Marbaugh as an ally
 60459 | Depths:3 | Found a one-way gate leading to the halls of Pandemonium.
 60502 | Depths:3 | Gained Gorbash as an ally
 60503 | Depths:3 | Gained Morbeogh as an ally
 60993 | Depths:4 | Your ally Herok died
 61003 | Depths:4 | Noticed a caustic shrike
 61009 | Depths:4 | Killed a caustic shrike
 61010 | Depths:4 | Noticed a caustic shrike
 61010 | Depths:4 | Noticed a caustic shrike
 61012 | Depths:4 | Killed a caustic shrike
 61012 | Depths:4 | Reached XP level 22. HP: 169/204 MP: 31/36
 61014 | Depths:4 | Killed a caustic shrike
 61015 | Depths:4 | Found a corrupted altar of Lugonu.
 61032 | Depths:4 | Noticed a juggernaut
 61044 | Depths:4 | Killed a juggernaut
 61050 | Depths:4 | Your ally Nordag died
 61051 | Depths:4 | Your ally Boderik died
 61053 | Depths:4 | Your ally Morbeogh died
 62479 | Depths:4 | Found Mepea's Gadget Shoppe.
 63186 | Depths:5 | Killed Sojobo
 63223 | Depths:5 | Found a gate to the Realm of Zot.
 63238 | Depths:5 | Your ally Marbaugh died
 63888 | Depths:5 | Noticed Saint Roka
 63897 | Depths:5 | Killed Saint Roka
 64004 | Depths:5 | Noticed a golden dragon
 64010 | Depths:5 | Killed a golden dragon
 64472 | Vaults:5 | Entered Level 5 of the Vaults
 64480 | Vaults:5 | Noticed a golden dragon
 64487 | Vaults:5 | Killed a golden dragon
 64538 | Vaults:5 | Noticed a golden dragon
 64545 | Vaults:5 | Killed a golden dragon
 64552 | Vaults:5 | Noticed a golden dragon
 64556 | Vaults:5 | Killed a golden dragon
 64571 | Vaults:5 | Reached XP level 23. HP: 57/215 MP: 6/38
 64587 | Vaults:5 | Your ally died
 64594 | Vaults:5 | Your ally Gorbash died
 64598 | Vaults:5 | Your ally Blodwig died
 64602 | Vaults:5 | Your ally Orbeogh died
 64638 | Vaults:5 | Your ally Gorg died
 64641 | Vaults:5 | HP: 7/215 [deep elf high priest/damnation (14)]
 64652 | Vaults:5 | HP: 10/215 [sphinx (3)]
 64676 | Vaults:5 | HP: 10/215 [tentacled monstrosity (3)]
 64681 | Vaults:5 | HP: 5/215 [tentacled monstrosity (7)]
 64684 | Vaults:5 | HP: 2/215 [tentacled monstrosity (2)]
 64689 | Vaults:5 | Shot with a bolt by a yaktaur captain

Illustrated notes

Levels and vault maps discovered:
D:1:      saegor_arrival_simple_b, layout_loops_cross, grunt_decor_one_mirror,
          chequers_serial_rivers_small_a
D:2:      layout_loops_corners, first_ration, uniq_crazy_yiuf_cottage,
          uniq_terence
D:3:      layout_basic, uniq_jessica, uniq_robin, uniq_ijyb
D:4:      layout_loops_cross, uniq_duvessa
D:5:      layout_basic, lemuel_doored_altar, minmay_temple_entry_sparse_star,
          serial_shops, nicolae_shop_stone, shop, nicolae_shop_crystal
D:6:      layout_basic, grunt_temple_overflow_diamond, uniq_prince_ribbit1,
          uniq_pikel, uniq_maggie
D:7:      layout_loops_ring, grunt_ogre_cave, eino_jars
D:8:      layout_loops_ring, nicolae_overflow_hidden_temple, zin_statuary,
          lemuel_crystal_altar, serial_shops, nicolae_shop_trees,
          xom_confusion_cloud
D:9:      layout_cave_pods, fedhas_altar_fruit_tree, old_standard_altar,
          dpeg_lair_monsters, david_orc_3, minmay_misc_feat_five
D:10:     layout_roguey, ebering_ghost_funeral_grove, serial_shops, shop,
          minmay_misc_feat_columns, uniq_gastronok
D:11:     wad_woods_stonehenge, layout_irregular_city
D:12:     layout_loops_corners, serial_shops, shop, gauntlet_entry_generic
D:13:     layout_roguey, portal_ice_cave_entry_ice_beasts
D:14:     wad_statue_garden, layout_basic, grunt_vaults_entry_tiered,
          minmay_misc_feat_encased, enter_bailey_2, uniq_azrael, uniq_kirke
D:15:     grunt_enter_depths_giant_problem, layout_rooms, nrook_mini_backslash,
          uniq_josephine, uniq_jorgrun
Lair:1:   layout_regular_city, gammafunk_ghost_cemetery,
          kennysheep_abandoned_house
Lair:2:   layout_regular_city
Lair:3:   layout_cave_shapes, elwin_shoals_entry_rocks, dummy_snake_entry
Lair:4:   layout_regular_city, grunt_megastairs_1
Lair:5:   layout_loops_ring, nicolae_volcano_entry_two_sided,
          infiniplex_staircase_pool, lemuel_fruit_tree
Lair:6:   cheibrodos_lair_end_hotspot, layout_gridlike, dpeg_slime_entry_corner
Shoals:1: cheibrodos_shoals_gigantism, layout_shoals, uniq_nikola, uniq_roxanne,
          uniq_louise
Shoals:2: layout_shoals
Shoals:3: layout_shoals, uniq_bai_suzhen
Shoals:4: shoals_end_hangedman, layout_shoals
Snake:1:  layout_gridlike, drop_trap, serial_bayou_crossing, grunt_megastairs_3
Snake:2:  layout_misc_corridors, drop_trap
Snake:3:  layout_gridlike, grunt_megastairs_4, uniq_aizul
Snake:4:  grunt_snake_rune_spirals, layout_onion, uniq_mara
Orc:1:    layout_diamond_mine
Orc:2:    st_orc_mages, layout_caves, basic_altar, uniq_snorg, uniq_erolcha
Vaults:1: v_rooms_6, v_misc_9, v_misc_16, vaults_mumra_hexcomb, v_pattern_1,
          ontoclasm_vaults_idyll, st_squares, vaults_room_door_hall,
          nicolae_vaults_three_branches, ontoclasm_vaults_decontamination,
          vaults_dpeg_ring, layout_vaults_chaotic_city, serial_shops,
          nicolae_shop_stone
Vaults:2: hangedman_vaults_corner, nicolae_vaults_specimen_jars, v_misc_3,
          nicolae_vaults_sealed_display, nicolae_vaults_network_quinsquares
          [nicolae_vaults_network_quincunx_subvault,
          nicolae_vaults_network_quincunx_subvault,
          nicolae_vaults_network_quincunx_subvault,
          nicolae_vaults_network_quincunx_subvault], vaults_room_corners,
          v_pattern_2, layout_vaults_omnigrid, uniq_mennas
Vaults:3: vaults_room_pool, v_misc_10, v_alt_pattern_2,
          minmay_crypt_entry_skeletal_spiral, vaults_mumra_chevron_long,
          v_misc_19, hangedman_vaults_stagger, ontoclasm_vaults_hangar,
          ontoclasm_vaults_tryst, nicolae_vaults_network_barrier,
          nicolae_vaults_quartermaster, v_misc_27, vaults_room_grid,
          layout_vaults_omnibox, serial_shops, nicolae_shop_stone
Vaults:4: nicolae_vaults_bisected_exclaves, v_misc_22, v_misc_1,
          grunt_vaults_twisty, ontoclasm_vaults_fire_temple,
          dpeg_vaults_monster_box, nicolae_vaults_angled_halls, v_rooms_1,
          hangedman_vaults_slice, vaults_mumra_lcd, vaults_room_semicircle,
          vaults_room_pools, vaults_dpeg_encased_lava, layout_vaults_omnicross,
          basic_altar
Vaults:5
Depths:1: layout_cave_pools, pf_vacation_house_of_asmodeus,
          minmay_misc_feat_doors, serial_shops, bzr_entry_gold,
          minmay_mirror_moons_of_madness
Depths:2: minmay_the_grid_four_pointed_star_mashed
          [minmay_the_grid_triangle_9x9_steps,
          minmay_the_grid_triangle_9x9_fully_insulated_deathbox,
          minmay_the_grid_triangle_9x9_tough_junction,
          minmay_the_grid_triangle_9x9_windchime,
          minmay_the_grid_prize_inner_circle], layout_cave_pools,
          minmay_hedge_maze, abyss_entry, grunt_metal_band,
          minmay_crystal_water, drop_trap, infiniplex_staircase_spiral,
          serial_bayou_shore_a, minmay_shop_grove
Depths:3: minmay_mutant_horseshoe, layout_cross, hell_entry,
          grunt_pan_entry_zigzag, chequers_serial_rivers_micro_a, serial_shops,
          bzr_in_the_mist, lemuel_flamethrower_2
Depths:4: grunt_crosshair, layout_basic, serial_shops, shop,
          abyss_entry_flame_altar, hell_entry, hangedman_abyss_or_decor_slice,
          minmay_misc_feat_diagonals
Depths:5: evilmike_zot_entry_argh, layout_basic, enter_ziggurat_e,
          grunt_hell_entry_dis_old, minmay_misc_feat_roman, uniq_saint_roka,
          uniq_sojobo

Skill      XL: |  1  2  3  4  5  6  7  8  9 10 11 12 13 14 15 16 17 18 19 20 21 22 |
---------------+-------------------------------------------------------------------+-----
Axes           | 6 7 8 10 12 14 16 17 19 21 24 26 | 26.0
Fighting       | 4 5 8 10 11 12 13 14 16 18 19 | 19.9
Armour         | 1 3 6 7 8 9 10 11 12 | 12.0
Invocations    | 2 4 7 9 10 11 13 16 18 19 20 21 23 | 23.6
Evocations     | 1 3 4 5 6 8 9 10 12 | 12.0
Dodging        | 3 4 6 7 8 9 10 11 12 13 | 13.7
Stealth        | |  1.5

Action                   |  1- 3 |  4- 6 |  7- 9 | 10-12 | 13-15 | 16-18 | 19-21 | 22-24 || total
-------------------------+-------+-------+-------+-------+-------+-------+-------+-------++-------
Melee: Hand axe          |    59 |   263 |   472 |    89 |       |       |       |       ||   883
       War axe           |       |       |       |   482 |   689 |       |       |       ||  1171
       Battleaxe         |       |       |       |       |    77 |   220 |       |       ||   297
       Broad axe         |       |       |       |       |    54 |       |       |       ||    54
       Executioner's axe |       |       |       |       |       |   545 |   827 |   236 ||  1608
Throw: Stone             |     2 |       |       |       |       |       |       |       ||     2
       Javelin           |       |     4 |     3 |     8 |    10 |       |       |       ||    25
       Boomerang         |       |       |       |     3 |       |       |       |       ||     3
Invok: Convert to Beogh  |       |     1 |       |       |       |       |       |       ||     1
       Smiting           |       |       |     3 |    22 |    40 |    29 |    17 |    29 ||   140
       Recall Orcish Fol |       |       |       |     5 |     6 |    11 |     4 |     3 ||    29
       Give Item to Name |       |       |       |       |     4 |     1 |     2 |     3 ||    10
       Resurrection      |       |       |       |       |       |     1 |       |     1 ||     2
Evoke: Wand              |       |       |       |     1 |    12 |     1 |       |       ||    14
  Use: Scroll            |       |     5 |    11 |    14 |    17 |    15 |     9 |     8 ||    79
       Potion            |       |     4 |     3 |     6 |     6 |     4 |     1 |    18 ||    42
 Stab: Sleeping          |     3 |     1 |       |       |       |       |       |       ||     4
       Invisible         |       |       |     1 |       |       |       |       |     1 ||     2
       Distracted        |       |       |     4 |     4 |     9 |    10 |    11 |     2 ||    40
       Paralysed         |       |       |       |       |       |     1 |       |       ||     1
  Eat: Chunk             |     1 |    10 |    17 |    28 |    33 |    20 |    29 |     7 ||   145
       Ration            |       |       |       |       |     4 |    11 |     3 |     1 ||    19
Armor: Robe              |    22 |     6 |       |       |       |       |       |       ||    28
       Ring mail         |       |    31 |       |       |       |       |       |       ||    31
       Scale mail        |       |    30 |       |       |       |       |       |       ||    30
       Chain mail        |       |    14 |   184 |   255 |   346 |   447 |   138 |       ||  1384
       Crystal plate arm |       |       |       |       |       |       |   448 |   203 ||   651
Dodge: Dodged            |    66 |   119 |   135 |   340 |   527 |   365 |   359 |    98 ||  2009
Block: Buckler           |       |       |       |       |    74 |       |       |       ||    74
       Other             |       |       |       |       |       |    84 |       |       ||    84
       Reflection        |       |       |       |       |       |    13 |       |       ||    13

Table legend:
 A = Non-vault XP
 B = Vault XP
 C = Vault XP percentage of total XP
 D = Non-vault monster count
 E = Vault monster count
 F = Vault count percentage of total count
                 A         B        C        D         E       F
            +---------+---------+-------+---------+---------+-------
      Total |  382983 |  356761 |  48.2 |    1134 |     626 |  35.6
            +---------+---------+-------+---------+---------+-------
        D:1 |      20 |       0 |   0.0 |      13 |       0 |   0.0
        D:2 |     167 |      36 |  17.7 |      26 |       1 |   3.7
        D:3 |      78 |     111 |  58.7 |      25 |      15 |  37.5
        D:4 |     214 |     218 |  50.5 |      10 |       2 |  16.7
        D:5 |     812 |       0 |   0.0 |      25 |       0 |   0.0
        D:6 |     409 |     900 |  68.8 |      12 |       3 |  20.0
        D:7 |    1175 |     446 |  27.5 |      31 |       9 |  22.5
        D:8 |     945 |     125 |  11.7 |      23 |       2 |   8.0
        D:9 |    1183 |    1987 |  62.7 |      19 |      16 |  45.7
       D:10 |    4098 |    4111 |  50.1 |      42 |       7 |  14.3
       D:11 |    4692 |     678 |  12.6 |      36 |       6 |  14.3
       D:12 |    2680 |       0 |   0.0 |      16 |       0 |   0.0
       D:13 |   12535 |     585 |   4.5 |      31 |       8 |  20.5
       D:14 |    6031 |   14844 |  71.1 |      24 |      51 |  68.0
       D:15 |    6091 |    4315 |  41.5 |      31 |       6 |  16.2
     Lair:1 |    2814 |    2094 |  42.7 |      11 |      20 |  64.5
     Lair:2 |    1557 |       0 |   0.0 |       8 |       0 |   0.0
     Lair:3 |    6334 |       0 |   0.0 |      27 |       0 |   0.0
     Lair:4 |    2227 |    1254 |  36.0 |      14 |       7 |  33.3
     Lair:5 |     411 |       0 |   0.0 |       4 |       0 |   0.0
     Lair:6 |    8417 |    6518 |  43.6 |      38 |      25 |  39.7
   Shoals:1 |   14045 |   11885 |  45.8 |      34 |       7 |  17.1
   Shoals:2 |   13875 |       0 |   0.0 |      37 |       0 |   0.0
   Shoals:3 |   10694 |    5123 |  32.4 |      20 |       1 |   4.8
   Shoals:4 |   11860 |   15009 |  55.9 |      24 |      33 |  57.9
    Snake:1 |   12967 |     252 |   1.9 |      35 |       2 |   5.4
    Snake:2 |    5832 |       0 |   0.0 |      17 |       0 |   0.0
    Snake:3 |   10832 |    2847 |  20.8 |      30 |       5 |  14.3
    Snake:4 |   17404 |   48927 |  73.8 |      45 |      92 |  67.2
      Orc:1 |    1584 |       0 |   0.0 |      16 |       0 |   0.0
      Orc:2 |    1171 |    6151 |  84.0 |      13 |      30 |  69.8
   Vaults:1 |   27216 |   16327 |  37.5 |      69 |      31 |  31.0
   Vaults:2 |   12555 |   16956 |  57.5 |      27 |      19 |  41.3
   Vaults:3 |   15002 |   24469 |  62.0 |      29 |      45 |  60.8
   Vaults:4 |   29937 |   15451 |  34.0 |      50 |      23 |  31.5
   Vaults:5 |    6663 |   42843 |  86.5 |      15 |      31 |  67.4
   Depths:1 |   29861 |    4120 |  12.1 |      55 |       7 |  11.3
   Depths:2 |   15928 |   22279 |  58.3 |      32 |      22 |  40.7
   Depths:3 |   33479 |    5537 |  14.2 |      55 |      16 |  22.5
   Depths:4 |   32623 |   47696 |  59.4 |      48 |      46 |  48.9
   Depths:5 |   16565 |   24219 |  59.4 |      17 |      19 |  52.8
     Bailey |       0 |    1736 | 100.0 |       0 |       8 | 100.0
    Volcano |       0 |    6712 | 100.0 |       0 |      11 | 100.0
            +---------+---------+-------+---------+---------+-------
